[Event "Titled Tuesday Blitz March 22 Early 2022"]
[White "Le Ruyet, Leopold"]
[Black "Avazkhonov, Alikhon"]
[WhiteFideId "645923"]
[BlackFideId "14208504"]
[WhiteElo "2276"]
[BlackElo "1739"]
[Result "1-0"]
[Round "11"]
[TimeControl "180+1"]
[Date "2022.03.22"]
[WhiteClock "0:00:18"]
[BlackClock "0:00:03"]

1. d4 d5 2. c4 e6 3. Nc3 c6 4. cxd5 exd5 5. Bf4 Bd6 6. Bxd6 Qxd6 7. e3 Bf5 8. Bd3 Bxd3 9. Qxd3 Nf6 10. Nge2 O-O 11. O-O Re8 12. Ng3 Nbd7 13. f3 Rad8 14. Rae1 c5 15. Nf5 Qb6 16. Na4 Qa5 17. Nxc5 Nxc5 18. dxc5 Qxc5 19. Rc1 Qb6 20. b3 h6 21. Rc2 d4 22. e4 Re5 23. Rfc1 g6 24. Ng3 h5 25. f4 Re6 26. e5 Nd5 27. Rf2 Nb4 28. Qe4 d3 29. f5 d2 30. Rd1 Rd4 31. Qe3 Nc2 32. Qh6 Re4 33. Nxe4 Rxe5 34. fxg6 Qxg6 35. Nf6+ Qxf6 36. Qxf6 Re1+ 37. Rf1 Rxf1+ 38. Kxf1 1-0


[Site "https://www.chess.com"]

[Event "Titled Tuesday Blitz March 22 Early 2022"]
[White "Lewtak, Damian"]
[Black "Garv Gaur"]
[WhiteFideId "1141724"]
[BlackFideId "45030839"]
[WhiteElo "2362"]
[BlackElo "1950"]
[Result "1-0"]
[Round "11"]
[TimeControl "180+1"]
[Date "2022.03.22"]
[WhiteClock "0:01:28"]
[BlackClock "0:00:05"]

1. d4 d5 2. Nf3 Nf6 3. Bf4 c5 4. e3 Nc6 5. Nbd2 cxd4 6. exd4 Bf5 7. c3 e6 8. Qb3 Qc8 9. Bb5 Be7 10. Ne5 O-O 11. Bg5 Qc7 12. Ndf3 Rab8 13. O-O Ne4 14. Bxe7 Qxe7 15. Bxc6 bxc6 16. Nxc6 Qc7 17. Nxb8 Rxb8 18. Qa3 g5 19. Ne5 f6 20. Nd3 Nd2 21. Rfd1 Nc4 22. Qc5 Qf7 23. b3 Nb6 24. Qa3 Kg7 25. Nc5 h5 26. Re1 Re8 27. Re3 h4 28. Rae1 Kg6 29. Qa6 g4 30. a4 h3 31. a5 Nc8 32. Nxe6 Bxe6 33. Rxe6 Ne7 34. Qxa7 Nf5 35. Qxf7+ Kxf7 36. Rxe8 Nh4 37. R1e7+ Kg6 38. a6 hxg2 39. a7 Nf3+ 40. Kxg2 Nh4+ 41. Kf1 Nf3 42. a8=Q Nd2+ 43. Ke2 Nxb3 44. Qxd5 Nc1+ 45. Kd1 Nd3 46. Rg8+ Kh6 47. Rh7+ Kxh7 48. Qf7+ Kh6 49. Qg6# 1-0


[Site "https://www.chess.com"]

[Event "Titled Tuesday Blitz March 22 Early 2022"]
[White "Ljukin, Sergei"]
[Black "Samunenkov, Ihor"]
[WhiteFideId "14102200"]
[BlackFideId "14187086"]
[WhiteElo "2312"]
[BlackElo "2409"]
[Result "1-0"]
[Round "11"]
[TimeControl "180+1"]
[Date "2022.03.22"]
[WhiteClock "0:00:18"]
[BlackClock "0:00:02"]

1. e4 c6 2. d4 d5 3. e5 c5 4. Nf3 cxd4 5. Nxd4 Nc6 6. c4 e6 7. Nc3 Bc5 8. Nxc6 bxc6 9. Qg4 Kf8 10. Bd3 Ne7 11. O-O Ng6 12. Qg3 Bd4 13. Bf4 Nxf4 14. Qxf4 Bb6 15. cxd5 cxd5 16. Nb5 g5 17. Qf3 Kg7 18. Nd6 Qe7 19. Kh1 f6 20. exf6+ Qxf6 21. Qh5 Bd7 22. f4 Be8 23. Nxe8+ Raxe8 24. fxg5 Qe7 25. g6 Ref8 26. gxh7 Rxf1+ 27. Rxf1 Rf8 28. Qe5+ Kh6 29. Rxf8 1-0


[Site "https://www.chess.com"]

[Event "Titled Tuesday Blitz March 22 Early 2022"]
[White "Manolache, Marius"]
[Black "Migot, Tangi"]
[WhiteFideId "1201530"]
[BlackFideId "662445"]
[WhiteElo "2389"]
[BlackElo "2537"]
[Result "1-0"]
[Round "11"]
[TimeControl "180+1"]
[Date "2022.03.22"]
[WhiteClock "0:00:42"]
[BlackClock "0:00:15"]

1. d4 Nf6 2. c4 g6 3. Nc3 d5 4. cxd5 Nxd5 5. Bd2 Bg7 6. Nf3 c5 7. Qc1 Nxc3 8. Bxc3 cxd4 9. Nxd4 O-O 10. e3 Bd7 11. Be2 Nc6 12. Nf3 Bxc3+ 13. Qxc3 Qa5 14. Qxa5 Nxa5 15. Ne5 Rfd8 16. Nxd7 Rxd7 17. Rc1 Rad8 18. Bf3 Rd2 19. Rd1 Rxd1+ 20. Bxd1 Nc4 21. b3 Nb2 22. Bf3 Nd3+ 23. Ke2 Nc5 24. Rc1 b6 25. b4 Ne6 26. h4 Kg7 27. Rc6 Rd7 28. g4 Rc7 29. b5 Rxc6 30. bxc6 h6 31. Bd5 Nc7 32. Bb3 g5 33. hxg5 hxg5 34. f4 Kf6 35. Kd3 e6 36. Ke4 gxf4 37. exf4 a5 38. g5+ Ke7 39. Ke5 Nb5 40. Bc4 Nc7 41. a4 Ne8 42. Bd3 Nc7 43. g6 f6+ 44. Kd4 Kf8 45. f5 exf5 46. Bxf5 Kg7 47. Bd3 Kf8 48. Ke4 Kg7 49. Kf5 Na8 50. Ke6 Nc7+ 51. Kd6 1-0


[Site "https://www.chess.com"]

[Event "Titled Tuesday Blitz March 22 Early 2022"]
[White "Martin Duque, Jesus"]
[Black "Heinemann, Josefine"]
[WhiteFideId "2208954"]
[BlackFideId "12900460"]
[WhiteElo "2243"]
[BlackElo "2300"]
[Result "1-0"]
[Round "11"]
[TimeControl "180+1"]
[Date "2022.03.22"]
[WhiteClock "0:01:03"]
[BlackClock "0:00:18"]

1. Nf3 d5 2. b3 Nf6 3. Bb2 c5 4. e3 Nc6 5. Bb5 Bd7 6. O-O e6 7. c4 dxc4 8. bxc4 Be7 9. Qe2 O-O 10. Rd1 a6 11. Ba4 Nd4 12. exd4 Bxa4 13. Rc1 cxd4 14. Bxd4 Rc8 15. Nc3 Bc6 16. Be3 Qa5 17. a4 Qh5 18. Nd4 Qxe2 19. Ncxe2 Rfd8 20. Nxc6 Rxc6 21. a5 Bc5 22. d4 Bf8 23. c5 Ng4 24. Rab1 Rd7 25. h3 Nxe3 26. fxe3 e5 27. Rb6 Rc8 28. Rcb1 exd4 29. exd4 Rcc7 30. Kf2 g6 31. Ke3 h5 32. Nc3 Bg7 33. R1b4 Re7+ 34. Kd3 Red7 35. Ne4 f5 36. Nd6 Bf8 37. Nxb7 Kf7 38. Nd6+ Bxd6 39. Rxd6 Rxd6 40. cxd6 Rc1 41. Rb6 Ke6 42. Rxa6 g5 43. Rb6 Ra1 44. a6 f4 45. d5+ Kd7 46. Ke4 Ra4+ 47. Ke5 g4 48. hxg4 hxg4 49. Rb7+ Kd8 50. a7 1-0


[Site "https://www.chess.com"]

[Event "Titled Tuesday Blitz March 22 Early 2022"]
[White "Mikhailovsky, Vladimir"]
[Black "Lazavik, Denis"]
[WhiteFideId "34105414"]
[BlackFideId "13515110"]
[WhiteElo "2371"]
[BlackElo "2437"]
[Result "0-1"]
[Round "11"]
[TimeControl "180+1"]
[Date "2022.03.22"]
[WhiteClock "0:00:43"]
[BlackClock "0:01:27"]

1. e4 c5 2. Nf3 e6 3. d4 cxd4 4. Nxd4 Nc6 5. Be2 Qc7 6. O-O Nf6 7. Nxc6 bxc6 8. Bf3 d5 9. Nd2 Bd6 10. g3 O-O 11. Re1 Bb7 12. Qe2 e5 13. c4 d4 14. Nb3 c5 15. Bg5 Nd7 16. Nc1 Rae8 17. Nd3 f5 18. exf5 e4 19. Bh5 exd3 20. Qxe8 Rxe8 21. Rxe8+ Nf8 22. f6 g6 23. Bg4 Qc6 24. Be6+ Kh8 25. Bd5 Qxe8 26. f7 Qe5 27. f4 Qe3+ 28. Kf1 h6 29. Bf6+ Kh7 30. Bxb7 Qe2+ 31. Kg1 d2 0-1


[Site "https://www.chess.com"]

[Event "Titled Tuesday Blitz March 22 Early 2022"]
[White "Mikhalsky, Vladimir"]
[Black "Coto Mederos, Michel"]
[WhiteFideId "14144352"]
[BlackFideId "3508528"]
[WhiteElo "2301"]
[BlackElo "2427"]
[Result "1-0"]
[Round "11"]
[TimeControl "180+1"]
[Date "2022.03.22"]
[WhiteClock "0:00:08"]
[BlackClock "0:00:14"]

1. c4 e6 2. g3 d5 3. Bg2 Nf6 4. Nf3 c5 5. O-O Nc6 6. cxd5 exd5 7. d4 Be7 8. Nc3 O-O 9. h3 h6 10. Be3 cxd4 11. Nxd4 Ne5 12. b3 Be6 13. Nxe6 fxe6 14. Nb5 Nc6 15. Nd4 e5 16. Ne6 Qd7 17. Nxf8 Rxf8 18. Rc1 a6 19. Bc5 e4 20. Bxe7 Qxe7 21. Qd2 Qe5 22. Rc5 Qd6 23. Rfc1 d4 24. Qf4 Qe6 25. Qf5 Qe7 26. Qg6 Qe6 27. Qf5 Qe7 28. h4 Rd8 29. Bh3 Kh8 30. Qe6 Qf8 31. Rf5 d3 32. exd3 Nd4 33. Rxf6 gxf6 34. Qxe4 Qe8 35. Qxe8+ Rxe8 36. Bg4 f5 37. Bh5 Re7 38. Rc4 Rd7 39. Kg2 Kg7 40. Rc5 Kf6 41. b4 Ne6 42. Rc3 Nd4 43. Bf3 b6 44. a3 Rd6 45. Bd1 Ke5 46. Rc8 Nb5 47. Re8+ Kf6 48. Ra8 Nxa3 49. Rxa6 Rxd3 50. Rxb6+ Ke5 51. Be2 Rd2 52. Bf3 Nc2 53. Rxh6 Ne1+ 54. Kf1 Nxf3 55. Rh8 Ke4 56. Re8+ Kd4 57. Rd8+ Ke5 58. Rxd2 Nxd2+ 59. Ke2 Nb3 60. Kd3 Kd5 61. h5 Nd4 62. h6 Nc6 63. h7 Ne5+ 64. Ke3 Ng6 65. f3 Kc4 66. g4 fxg4 67. fxg4 Kxb4 68. Ke4 Kc5 69. Kf5 Nh8 70. g5 Kd6 71. g6 Ke7 72. g7 Nf7 73. g8=Q Nd6+ 74. Kg5 Ne4+ 75. Kf4 Nf6 76. Qg7+ Ke6 77. Qg6 Ke7 78. Qxf6+ Kxf6 79. h8=Q+ Kf7 80. Qh7+ Kf6 81. Qh6+ Kf7 82. Qh5+ Kf6 83. Qg5+ Kf7 84. Qf5+ Kg7 85. Qe5+ Kh6 86. Qd6+ Kh7 87. Kg3 Kg7 88. Kg4 Kf7 89. Kg5 Kg7 90. Qf6+ Kg8 91. Qe7 Kh8 92. Kg6 1-0


[Site "https://www.chess.com"]

[Event "Titled Tuesday Blitz March 22 Early 2022"]
[White "Miszler, Levente"]
[Black "Przybylski, Wojciech"]
[WhiteFideId "763276"]
[BlackFideId "1117599"]
[WhiteElo "1966"]
[BlackElo "2133"]
[Result "0-1"]
[Round "11"]
[TimeControl "180+1"]
[Date "2022.03.22"]
[WhiteClock "0:00:10"]
[BlackClock "0:00:11"]

1. e4 c5 2. Nf3 d6 3. d4 cxd4 4. Nxd4 Nf6 5. Nc3 a6 6. Bg5 e6 7. f4 Nbd7 8. Qf3 Qc7 9. O-O-O b5 10. e5 Bb7 11. Qh3 d5 12. exf6 gxf6 13. Nxe6 fxe6 14. Qxe6+ Be7 15. Bh6 Nc5 16. Qh3 Qd7 17. Qh5+ Kd8 18. Nxd5 Bxd5 19. Rxd5 Bd6 20. Be2 Nb7 21. Rhd1 Kc7 22. f5 Rhe8 23. Bf3 Rad8 24. Kb1 Qe7 25. Qg4 Rg8 26. Qd4 Bc5 27. Bf4+ Kb6 28. Qc3 Rxd5 29. Rxd5 Rd8 30. Rxd8 Nxd8 31. a3 a5 32. Qd3 Nc6 33. Qd5 Qe1+ 34. Ka2 Qe8 35. Qxc6+ Qxc6 36. Bxc6 Kxc6 37. c3 a4 38. b3 Kd5 39. bxa4 bxa4 40. g3 Ke4 41. Bc7 Kxf5 42. Kb2 Ke4 43. Kc2 f5 44. Kb2 Kd3 45. Bf4 Kc4 46. Be5 Be3 47. h4 Bf2 48. Kc2 Be1 49. h5 Bf2 50. h6 Bc5 51. Kb2 Be3 52. Bf6 Bxh6 53. Be5 Bd2 54. Kc2 Be3 55. Bd6 Bf2 56. Be5 h5 57. Bd6 Be3 58. Bc7 Bc5 59. Bb8 Bxa3 60. Be5 Bc5 61. Bf6 Bf2 62. Be5 Bg1 63. Bc7 Bh2 64. Bb8 h4 65. gxh4 Bxb8 66. h5 Be5 67. h6 Bxc3 68. Kb1 f4 69. Ka2 f3 70. h7 f2 71. h8=B Bxh8 72. Ka3 Kb5 73. Ka2 Bb2 74. Kb1 f1=Q+ 75. Kc2 Qf2+ 76. Kb1 Qf3 77. Ka2 Kb4 78. Kb1 Qf4 79. Ka2 Qc4+ 80. Kb1 Qc1+ 81. Ka2 Qa1# 0-1


[Site "https://www.chess.com"]

[Event "Titled Tuesday Blitz March 22 Early 2022"]
[White "Molina, Roberto Junio Brito"]
[Black "Matlakov, Maxim"]
[WhiteFideId "2109450"]
[BlackFideId "4168003"]
[WhiteElo "2432"]
[BlackElo "2669"]
[Result "0-1"]
[Round "11"]
[TimeControl "180+1"]
[Date "2022.03.22"]
[WhiteClock "0:00:07"]
[BlackClock "0:01:41"]

1. d4 d5 2. Nf3 Nf6 3. e3 Bg4 4. c4 dxc4 5. Bxc4 e6 6. Qb3 Bxf3 7. gxf3 c5 8. Qxb7 Nbd7 9. dxc5 Bxc5 10. Nc3 Rb8 11. Qa6 O-O 12. Be2 Nd5 13. Nxd5 exd5 14. Qd3 Ne5 15. Qd1 Qh4 16. h3 d4 17. f4 dxe3 18. Rh2 Rfd8 19. Qc2 Qxf4 20. Rg2 Nf3+ 21. Kf1 Nh4 22. Bd3 Nxg2 23. Bxh7+ Kh8 0-1


[Site "https://www.chess.com"]

[Event "Titled Tuesday Blitz March 22 Early 2022"]
[White "Moroni, Luca Jr"]
[Black "Tasev, Dejan"]
[WhiteFideId "865834"]
[BlackFideId "936618"]
[WhiteElo "2573"]
[BlackElo "2253"]
[Result "0-1"]
[Round "11"]
[TimeControl "180+1"]
[Date "2022.03.22"]
[WhiteClock "0:00:02"]
[BlackClock "0:00:13"]

1. Nc3 c6 2. Nf3 d5 3. e4 Bg4 4. h3 Bxf3 5. Qxf3 e6 6. d3 Nf6 7. g4 Be7 8. g5 Nfd7 9. h4 Qa5 10. Bd2 d4 11. Nd5 Qd8 12. Nxe7 Qxe7 13. h5 c5 14. Be2 Nc6 15. O-O-O O-O-O 16. Qg3 g6 17. f4 Qd6 18. Rh4 Rhe8 19. hxg6 hxg6 20. Rh7 Re7 21. Rdh1 Nb6 22. Rg7 Nb4 23. a3 Nc6 24. Rhh7 Qc7 25. Bg4 Kb8 26. Qh2 c4 27. Kb1 c3 28. bxc3 dxc3 29. Be3 Na4 30. Rh8 Qa5 31. Bc1 Qb5+ 32. Ka1 Rc7 33. Rxd8+ Nxd8 34. Qh8 Rc8 35. Rg8 Qb6 36. Bd1 Nb2 37. Be3 Qd6 38. Ka2 Nxd1 39. Bd4 Ka8 40. Bf6 Qb6 41. Bxc3 Nxc3+ 42. Qxc3 Rxc3 0-1


[Site "https://www.chess.com"]

[Event "Titled Tuesday Blitz March 22 Early 2022"]
[White "Myshakov, Fyodor"]
[Black "Lagunov, Evgenij"]
[WhiteFideId "14111284"]
[BlackFideId "4125363"]
[WhiteElo "2310"]
[BlackElo "2200"]
[Result "1-0"]
[Round "11"]
[TimeControl "180+1"]
[Date "2022.03.22"]
[WhiteClock "0:02:15"]
[BlackClock "0:00:00"]

1. c4 e6 2. Nc3 d5 3. cxd5 exd5 4. d4 h6 5. Nf3 c6 6. Bf4 Bf5 7. Bxb8 Rxb8 8. e3 Nf6 9. Bd3 Bxd3 10. Qxd3 Bd6 11. O-O O-O 12. e4 dxe4 13. Nxe4 Nxe4 14. Qxe4 Re8 15. Qf5 Qb6 16. b3 Rbd8 17. h3 Bb8 18. Rfe1 Qc7 19. g3 Qd6 20. h4 Bc7 21. h5 a5 22. a4 Bb6 23. Rad1 Rxe1+ 24. Rxe1 Bxd4 25. Nxd4 Qxd4 26. Re7 Qd5 27. Qxd5 Rxd5 28. Rxb7 Rxh5 29. Ra7 Rc5 30. Kf1 Rc3 31. Ke2 Rxb3 32. Rxa5 Kf8 33. Rc5 Ra3 34. Rxc6 Rxa4 35. Rc8+ Ke7 36. Rc7+ Ke6 37. Rc6+ Kf5 38. Rc5+ Kg6 39. Rc6+ f6 40. Kf3 Kg5 41. Rc5+ f5 42. Rc6 Ra3+ 43. Kg2 f4 44. Kh3 f3 45. Rc5+ Kf6 46. Rc4 g5 47. Kg4 h5+ 48. Kxh5 Ra2 49. Kg4 Rxf2 50. Rc5 Rf1 51. Rf5+ Ke6 52. Rxg5 f2 53. Kf3 Kf6 54. Ra5 Kg6 55. Kg2 Rb1 56. Kxf2 Rb3 57. Kg2 Rc3 58. Kh2 Rb3 59. Kh3 Rb4 60. Rc5 Ra4 61. Kg2 Rb4 62. Kf2 Ra4 63. Kf1 Rb4 64. Kg2 Ra4 65. Kh3 Rb4 66. g4 Rb1 67. Rc6+ Kg5 68. Rc5+ Kg6 69. Rc3 Rh1+ 70. Kg3 Rg1+ 71. Kf4 Rf1+ 72. Kg3 Rg1+ 73. Kh3 Rh1+ 74. Kg2 Rh4 75. Kg3 Rh1 76. Rc6+ Kg5 77. Rc5+ Kg6 78. Rb5 Rg1+ 79. Kh3 Rh1+ 80. Kg2 Rh4 81. Kf3 Rh3+ 82. Kf4 Rh1 83. Rb6+ Kg7 84. Kg5 Rf1 85. Rb7+ Kg8 86. Kg6 Kf8 87. Kh7 1-0


[Site "https://www.chess.com"]

[Event "Titled Tuesday Blitz March 22 Early 2022"]
[White "Nenezic, Marko"]
[Black "Vlassov, Nikolai"]
[WhiteFideId "912123"]
[BlackFideId "4103360"]
[WhiteElo "2457"]
[BlackElo "2407"]
[Result "1-0"]
[Round "11"]
[TimeControl "180+1"]
[Date "2022.03.22"]
[WhiteClock "0:00:58"]
[BlackClock "0:00:57"]

1. d4 Nf6 2. c4 Nc6 3. Nf3 e6 4. a3 d5 5. Bg5 dxc4 6. e3 b5 7. a4 Ba6 8. axb5 Bxb5 9. Nc3 a6 10. Bxf6 gxf6 11. Nd2 Rg8 12. Bxc4 Bxc4 13. Nxc4 Bb4 14. Qf3 Qd5 15. Qxd5 exd5 16. Nd2 Bxc3 17. bxc3 Rxg2 18. Ke2 a5 19. c4 dxc4 20. Nxc4 a4 21. Kf3 Rg5 22. Rhc1 Kd7 23. Nd2 f5 24. Ra3 Rh5 25. Rac3 Ra6 26. Ke2 Rxh2 27. Nf3 Rg2 28. Rxc6 Rxc6 29. Ne5+ Kc8 30. Rxc6 Rg1 31. Ra6 Ra1 32. Nd3 h5 33. Nc5 Kd8 34. Rxa4 1-0


[Site "https://www.chess.com"]

[Event "Titled Tuesday Blitz March 22 Early 2022"]
[White "Nepomniachtchi, Ian"]
[Black "Martinez Alcantara, Jose Eduardo"]
[WhiteFideId "4168119"]
[BlackFideId "3805662"]
[WhiteElo "2740"]
[BlackElo "2690"]
[Result "1-0"]
[Round "11"]
[TimeControl "180+1"]
[Date "2022.03.22"]
[WhiteClock "0:00:36"]
[BlackClock "0:00:03"]

1. e4 e5 2. f4 exf4 3. Nf3 g5 4. h4 g4 5. Ne5 d5 6. d4 Nf6 7. Nc3 Bb4 8. exd5 Nxd5 9. Bd2 Nc6 10. Nxd5 Qxd5 11. Nxc6 Bxd2+ 12. Qxd2 Qxc6 13. O-O-O Bf5 14. Re1+ Kf8 15. Re5 Bd7 16. Qxf4 Re8 17. Bb5 Qd6 18. Rf1 Re7 19. Bc4 Be8 20. Kb1 h5 21. a3 Rh6 22. Rxe7 Kxe7 23. Qe4+ Kf8 24. Qxb7 Qxd4 25. Qxc7 Rf6 26. Rxf6 Qxf6 27. Qxa7 Qxh4 28. Qc5+ Kg8 29. Qc8 Qe7 30. a4 Kg7 31. b3 Bd7 32. Qc7 h4 33. a5 g3 34. a6 Qe1+ 35. Ka2 h3 36. Qxd7 h2 37. Qxf7+ Kh6 38. Qf6+ Kh7 39. Qf7+ Kh6 40. Bd3 Kg5 41. Qf5+ Kh4 42. Qf6+ Kh5 43. Qg6+ Kh4 44. Bf5 Qa5+ 45. Kb2 Qe5+ 46. c3 Qe2+ 47. Ka3 h1=Q 48. Qf6+ Kh5 49. Bg6+ Kh6 50. Bf7+ Kh7 51. Qg6+ Kh8 52. Qg8# 1-0


[Site "https://www.chess.com"]

[Event "Titled Tuesday Blitz March 22 Early 2022"]
[White "Obolentseva, Alexandra"]
[Black "Indjic, Aleksandar"]
[WhiteFideId "24153648"]
[BlackFideId "911925"]
[WhiteElo "2113"]
[BlackElo "2616"]
[Result "0-1"]
[Round "11"]
[TimeControl "180+1"]
[Date "2022.03.22"]
[WhiteClock "0:00:34"]
[BlackClock "0:01:49"]

1. d4 Nf6 2. c4 c5 3. d5 e6 4. Nc3 exd5 5. cxd5 d6 6. e4 g6 7. Nge2 h5 8. Bg5 a6 9. a4 Nbd7 10. Qd2 Bg7 11. Nf4 O-O 12. Be2 Qe8 13. f3 Nh7 14. Bh4 g5 15. Bxg5 Nxg5 16. Nxh5 Nh7 17. Nxg7 Kxg7 18. h4 Qe5 19. h5 Qg3+ 20. Kf1 Ne5 21. Nd1 f5 22. h6+ Kh8 23. Nf2 fxe4 24. Nxe4 Qg6 25. Nf2 Bd7 26. Qc3 b5 27. Nd3 b4 28. Nxe5 dxe5 29. Qxe5+ Nf6 30. Re1 Rae8 31. Qd6 Rg8 32. h7 Qxg2# 0-1


[Site "https://www.chess.com"]

[Event "Titled Tuesday Blitz March 22 Early 2022"]
[White "Oganian, Miran"]
[Black "Zhigalko, Sergei"]
[WhiteFideId "4122488"]
[BlackFideId "13502956"]
[WhiteElo "2357"]
[BlackElo "2662"]
[Result "1-0"]
[Round "11"]
[TimeControl "180+1"]
[Date "2022.03.22"]
[WhiteClock "0:00:07"]
[BlackClock "0:00:04"]

1. e4 c5 2. Nf3 Nc6 3. c3 Nf6 4. e5 Nd5 5. d4 cxd4 6. cxd4 d6 7. Bc4 Nb6 8. Bb3 d5 9. Nh4 e6 10. Nf3 Be7 11. Nc3 Bd7 12. Be3 Rc8 13. Nd2 Na5 14. Qg4 g6 15. Bh6 Nbc4 16. Bxc4 Nxc4 17. Nxc4 Rxc4 18. O-O Qb6 19. Ne2 Rc2 20. Rfc1 Rxb2 21. a4 a5 22. Nc3 Rb4 23. Nb5 Bxb5 24. Rc8+ Bd8 25. axb5 Qxb5 26. h4 Kd7 27. Ra8 Rb1+ 28. Rxb1 Qxb1+ 29. Kh2 Re8 30. Qf3 Be7 31. Rxa5 Qe4 32. Qb3 Rb8 33. Qb5+ Kd8 34. Qb6+ Ke8 35. Qb5+ Kd8 36. g3 Qxd4 37. Be3 Qc4 38. Bb6+ Kc8 39. Qe8+ 1-0


[Site "https://www.chess.com"]

[Event "Titled Tuesday Blitz March 22 Early 2022"]
[White "Omariev, Maksim"]
[Black "Mirzanurov, Bulat"]
[WhiteFideId "4193423"]
[BlackFideId "4184521"]
[WhiteElo "2511"]
[BlackElo "2116"]
[Result "1-0"]
[Round "11"]
[TimeControl "180+1"]
[Date "2022.03.22"]
[WhiteClock "0:00:03"]
[BlackClock "0:00:08"]

1. g4 d5 2. Bg2 c5 3. d4 Nc6 4. dxc5 e6 5. c4 dxc4 6. Bxc6+ bxc6 7. Qxd8+ Kxd8 8. Be3 Nf6 9. h3 Ne4 10. Na3 Ba6 11. O-O-O+ Kc8 12. Nf3 f6 13. Nd4 Bxc5 14. Nxe6 Bxe3+ 15. fxe3 Nf2 16. Nc5 Nxd1 17. Rxd1 Bb5 18. Rd7 c3 19. bxc3 Bxe2 20. Nc2 Rd8 21. Rxg7 Rd1+ 22. Kb2 Rb8+ 23. Ka3 Rb5 24. Nb3 Bc4 25. Ncd4 Rb6 26. Rxh7 Rb1 27. h4 c5 28. Nxc5 R1b2 29. Ncb3 Re2 30. h5 Rxe3 31. h6 Rh3 32. Nf5 Ra6+ 33. Kb4 Be6 34. Ne7+ Kd7 35. Ng6+ Kd6 36. Nf4 Rb6+ 37. Ka5 Rh1 38. Nxe6 Kxe6 39. Nd4+ Ke5 40. Nf5 Kf4 41. Rxa7 Rc6 42. h7 Rxc3 43. a4 Kxg4 44. Nd6 f5 45. Ne8 f4 46. Nf6+ Kg3 47. Ra8 f3 48. Rg8+ Kf4 49. Nd5+ Ke5 50. Nxc3 f2 51. Rf8 Rxh7 52. Rxf2 Ra7+ 53. Kb4 Kd4 54. Nb5+ 1-0


[Site "https://www.chess.com"]

[Event "Titled Tuesday Blitz March 22 Early 2022"]
[White "Osmonbekov, Talaibek"]
[Black "Tiarks, Jann-Christian"]
[WhiteFideId "2017253"]
[BlackFideId "12951595"]
[WhiteElo "2135"]
[BlackElo "2176"]
[Result "1-0"]
[Round "11"]
[TimeControl "180+1"]
[Date "2022.03.22"]
[WhiteClock "0:02:35"]
[BlackClock "0:02:03"]

1. d4 d5 2. Nc3 Nf6 3. Bf4 c6 4. e3 e6 5. Nf3 Be7 6. Bd3 O-O 7. Ne5 b6 8. g4 Bb7 9. g5 Nfd7 10. Rg1 Nxe5 11. dxe5 c5 12. Bxh7+ Kxh7 13. Qh5+ Kg8 14. Rg3 g6 15. Qh6 1-0


[Site "https://www.chess.com"]

[Event "Titled Tuesday Blitz March 22 Early 2022"]
[White "Pajeken, Jakob Leon"]
[Black "Bryakin, Mikhail"]
[WhiteFideId "12942839"]
[BlackFideId "4165314"]
[WhiteElo "2351"]
[BlackElo "2417"]
[Result "0-1"]
[Round "11"]
[TimeControl "180+1"]
[Date "2022.03.22"]
[WhiteClock "0:00:25"]
[BlackClock "0:00:55"]

1. d4 Nf6 2. Nf3 c5 3. d5 e6 4. Nc3 exd5 5. Nxd5 Nc6 6. e4 d6 7. Bg5 Be7 8. Bxf6 Bxf6 9. c3 O-O 10. Qc2 Be6 11. Be2 Bxd5 12. exd5 Ne7 13. Rd1 Re8 14. O-O g6 15. Bb5 Rf8 16. a4 a6 17. Be2 Re8 18. Rfe1 h5 19. b3 Kg7 20. h3 Qa5 21. Rd3 Nf5 22. Red1 Re7 23. g4 hxg4 24. hxg4 Nh4 25. Nxh4 Bxh4 26. Bf3 Rae8 27. Kg2 Re5 28. Rh1 Bg5 29. Rh3 b5 30. axb5 axb5 31. Rd1 Rh8 32. Rxh8 Kxh8 33. Qb2 Kg7 34. b4 Qc7 35. bxc5 Qxc5 36. Rd4 Bf6 37. Rb4 Qc8 38. Rxb5 Qh8 39. Rb8 Qh4 40. Ra8 Re1 41. Ra1 Qh1+ 42. Kg3 Be5# 0-1


[Site "https://www.chess.com"]

[Event "Titled Tuesday Blitz March 22 Early 2022"]
[White "Perez Gormaz, Matias"]
[Black "Danilenko, Dmitriy"]
[WhiteFideId "3406342"]
[BlackFideId "14120844"]
[WhiteElo "2327"]
[BlackElo "2606"]
[Result "1/2-1/2"]
[Round "11"]
[TimeControl "180+1"]
[Date "2022.03.22"]
[WhiteClock "0:00:34"]
[BlackClock "0:00:36"]

1. e4 Nf6 2. e5 Nd5 3. d4 d6 4. Nf3 dxe5 5. Nxe5 c6 6. Be2 Bf5 7. O-O Nd7 8. Nf3 e6 9. c4 N5f6 10. Nc3 Bd6 11. Re1 O-O 12. Nh4 Bg6 13. Bf3 Re8 14. g3 e5 15. Nxg6 hxg6 16. d5 Qc7 17. Be3 Rad8 18. Bxa7 e4 19. Nxe4 Nxe4 20. Bxe4 Nf6 21. c5 Nxe4 22. cxd6 Rxd6 23. Qc2 f5 24. f3 Nf6 25. dxc6 Rxe1+ 26. Rxe1 Rxc6 27. Qb3+ Kh7 28. Bd4 Rc1 29. Qe3 Rxe1+ 30. Qxe1 Qc6 31. Qc3 Qe6 32. Bxf6 gxf6 33. a3 g5 34. Kf2 Qb6+ 35. Kg2 Qe6 36. Kf2 Qb6+ 37. Kg2 Qe6 38. Kf2 1/2-1/2


[Site "https://www.chess.com"]

[Event "Titled Tuesday Blitz March 22 Early 2022"]
[White "Pinheiro, Iung Alicio de O."]
[Black "Zemerov, Vladimir"]
[WhiteFideId "2104350"]
[BlackFideId "4111583"]
[WhiteElo "2522"]
[BlackElo "2277"]
[Result "1-0"]
[Round "11"]
[TimeControl "180+1"]
[Date "2022.03.22"]
[WhiteClock "0:00:13"]
[BlackClock "0:00:09"]

1. c4 e5 2. g3 Nc6 3. Bg2 f5 4. Nc3 Nf6 5. a3 d6 6. e3 Be6 7. Nd5 Bxd5 8. cxd5 Ne7 9. Qb3 Rb8 10. d3 c6 11. dxc6 bxc6 12. Qa2 d5 13. Nf3 Ng6 14. O-O Bd6 15. b4 O-O 16. Bb2 Qd7 17. Rac1 Kh8 18. d4 e4 19. Ne5 Bxe5 20. dxe5 Ng4 21. Qa1 Qe6 22. Rc5 N4xe5 23. Rfc1 Rf7 24. Bd4 h6 25. h4 h5 26. Qc3 Rb6 27. Qc2 Rc7 28. Qe2 Nd3 29. Qxh5+ Kg8 30. Bh3 Rf7 31. Qg5 Nxc1 32. Rxc1 Rb8 33. h5 Ne7 34. Rc5 Qh6 35. Qh4 Rb5 36. Rxb5 cxb5 37. Bc5 Qf6 38. Qf4 Nc6 39. Bf1 Kh7 40. Bxb5 Ne5 41. Be2 g5 42. hxg6+ Nxg6 43. Qb8 f4 44. Bd4 Qc6 45. exf4 Qc1+ 46. Kg2 Qd2 47. f5 Qxd4 48. fxg6+ Kxg6 49. Qg8+ Rg7 50. Qe8+ Kh7 51. Qh5+ Kg8 52. Bg4 Rf7 53. Be6 Qxf2+ 54. Kh3 Qf1+ 55. Kh2 Qf2+ 56. Kh3 Qf1+ 57. Kh2 Qf2+ 58. Kh1 Qf3+ 59. Qxf3 exf3 60. Kg1 d4 61. Kf2 Kg7 62. Bxf7 Kxf7 63. Kxf3 Ke6 64. Ke4 Kd6 65. Kxd4 Ke6 66. g4 Kf6 67. Kc5 Kg5 68. Kb5 Kxg4 69. Ka6 Kf4 70. Kxa7 Ke5 71. b5 Kd6 72. a4 Kc5 73. b6 Kc6 74. a5 Kd7 75. a6 1-0


[Site "https://www.chess.com"]